[ AOE2 MATCH · #475959009 ]
UnrankedSicilians vs Franks
Player's team · LOSS
[ REPLAY ANALYSIS · EXTRACTED FROM THE RECORDED GAME ]
Feudal
11:30
Castle
15:25
Imperial
—
| APM avg | 43.6 |
| APM peak | 77 |
| eAPM avg | 21.9 |
| Villagers / military | 71 / 5 |
Focus
⚔️ 22.6% · 🌾 77.4%
Fishing Ship ×12 · Mangonel ×4 · Battering Ram ×1
Feudal
9:19
Castle
21:14
Imperial
—
| APM avg | 31.6 |
| APM peak | 66 |
| eAPM avg | 21.3 |
| Villagers / military | 57 / 4 |
Focus
⚔️ 21.6% · 🌾 78.4%
Boyar ×4
Feudal
12:16
Castle
15:46
Imperial
—
| APM avg | 39.7 |
| APM peak | 78 |
| eAPM avg | 22.6 |
| Villagers / military | 93 / 2 |
Focus
⚔️ 25.5% · 🌾 74.5%
Fishing Ship ×44 · Monk ×2
Feudal
8:55
Castle
22:28
Imperial
—
| APM avg | 37.3 |
| APM peak | 80 |
| eAPM avg | 15.8 |
| Villagers / military | 54 / 4 |
Focus
⚔️ 21.0% · 🌾 79.0%
Fishing Ship ×7 · Militia ×4
Feudal
11:53
Castle
15:39
Imperial
—
| APM avg | 48.5 |
| APM peak | 100 |
| eAPM avg | 16.5 |
| Villagers / military | 61 / 6 |
Focus
⚔️ 16.8% · 🌾 83.2%
Fishing Ship ×16 · Mangonel ×6
Feudal
12:54
Castle
17:51
Imperial
—
| APM avg | 49.9 |
| APM peak | 93 |
| eAPM avg | 33.5 |
| Villagers / military | 85 / 0 |
Focus
⚔️ 10.5% · 🌾 89.5%
Fishing Ship ×44
Feudal
12:23
Castle
24:38
Imperial
—
| APM avg | 33.5 |
| APM peak | 81 |
| eAPM avg | 18.0 |
| Villagers / military | 53 / 2 |
Focus
⚔️ 11.4% · 🌾 88.6%
Battering Ram ×2
Feudal
10:34
Castle
21:43
Imperial
—
| APM avg | 36.5 |
| APM peak | 64 |
| eAPM avg | 21.5 |
| Villagers / military | 50 / 17 |
Focus
⚔️ 32.8% · 🌾 67.2%
Militia ×14 · Spearman ×3
Match map
Initial resources + every placement click. Lines = walls · curves = elevation contours. ◆ gold · ⬟ stone · ● berries · ✦ relic · ◌ wall gap
Your base· ✓ Closed at 15:25 · 4t walls · no gate
Benedict Cucumberpatch's base· ✓ Closed at 21:14 · 33t walls · no gate
大葱鸭's base· ✓ Closed at 15:46 · 0t walls · no gate
Kazi's base· ✓ Closed at 22:28 · 23t walls · no gate
Mr.J's base· ✓ Closed at 15:39 · 0t walls · no gate
Vermilionz's base· ✓ Closed at 17:51 · 57t walls · no gate
InGodWeTrust's base· ✓ Closed at 24:38 · 84t walls · no gate
Iron Champion's base· ✓ Closed at 21:43 · 58t walls · no gate
Smoothed initial terrain · ◌ = detected wall gap · hover for details
Inputs per minute
— Bean goose - - Benedict Cucumberpatch
Build order — Bean goose
First 150 of 169 actions detected
| 0:01 | Create | Villager (Male) |
| 0:02 | Create | Villager (Male) |
| 0:03 | Build | House |
| 0:04 | Build | House |
| 0:07 | Create | Villager (Male) |
| 0:18 | Create | Villager (Male) |
| 1:47 | Create | Villager (Male) |
| 2:00 | Create | Villager (Male) |
| 2:04 | Build | Lumber Camp |
| 2:05 | Create | Villager (Male) |
| 2:46 | Create | Villager (Male) |
| 3:03 | Create | Villager (Male) |
| 3:34 | Create | Villager (Male) |
| 3:50 | Create | Villager (Male) |
| 3:56 | Build | House |
| 4:18 | Create | Villager (Male) |
| 4:49 | Build | Dock |
| 4:54 | Create | Villager (Male) |
| 4:54 | Create | Villager (Male) |
| 5:26 | Create | Villager (Male) |
| 5:32 | Build | House |
| 5:35 | Create | Villager (Male) |
| 5:37 | Create | Fishing Ship |
| 5:58 | Create | Villager (Male) |
| 6:07 | Build | House |
| 6:14 | Create | Villager (Male) |
| 6:14 | Create | Villager (Male) |
| 6:20 | Create | Fishing Ship |
| 6:55 | Build | Mill |
| 7:02 | Create | Villager (Male) |
| 7:17 | Create | Villager (Male) |
| 7:28 | Create | Fishing Ship |
| 7:29 | Create | Villager (Male) |
| 7:48 | Create | Villager (Male) |
| 8:11 | Create | Villager (Male) |
| 8:36 | Build | Mining Camp |
| 8:41 | Build | House |
| 8:55 | Create | Villager (Male) |
| 9:20 | Research | Feudal Age |
| 9:48 | Build | Palisade Wall |
| 9:54 | Build | Palisade Wall |
| 9:56 | Build | Palisade Wall |
| 9:58 | Build | Palisade Wall |
| 10:04 | Build | House |
| 10:32 | Create | Villager (Male) |
| 10:33 | Create | Villager (Male) |
| 10:46 | Create | Villager (Male) |
| 11:30 | Age | Feudal Age |
| 11:33 | Build | Market |
| 11:38 | Build | Blacksmith |
| 11:54 | Create | Villager (Male) |
| 12:34 | Research | Castle Age |
| 12:37 | Create | Fishing Ship |
| 13:19 | Create | Villager (Male) |
| 13:25 | Research | Double-Bit Axe |
| 13:27 | Research | Horse Collar |
| 13:56 | Research | Tech 906 |
| 13:56 | Create | Fishing Ship |
| 14:00 | Create | Villager (Male) |
| 14:46 | Build | Farm |
| 14:47 | Build | Farm |
| 15:04 | Build | Lumber Camp |
| 15:25 | Age | Castle Age |
| 15:35 | Build | Siege Workshop |
| 15:41 | Build | Siege Workshop |
| 15:46 | Build | Farm |
| 15:51 | Create | Villager (Male) |
| 15:57 | Research | Bow Saw |
| 16:00 | Create | Villager (Male) |
| 16:09 | Build | Fish Trap |
| 16:10 | Create | Villager (Male) |
| 16:29 | Create | Mangonel |
| 16:31 | Create | Villager (Male) |
| 16:33 | Build | Farm |
| 16:36 | Create | Villager (Male) |
| 16:44 | Build | House |
| 16:58 | Create | Villager (Male) |
| 17:05 | Build | Fish Trap |
| 17:12 | Build | House |
| 17:17 | Create | Villager (Male) |
| 17:46 | Create | Mangonel |
| 17:53 | Create | Villager (Male) |
| 17:58 | Build | Lumber Camp |
| 18:00 | Create | Villager (Male) |
| 18:03 | Build | Town Center |
| 18:14 | Build | Farm |
| 18:15 | Create | Villager (Male) |
| 18:31 | Create | Villager (Male) |
| 18:34 | Create | Villager (Male) |
| 18:37 | Research | Gillnets |
| 19:25 | Create | Villager (Male) |
| 19:25 | Create | Villager (Male) |
| 19:40 | Build | Outpost |
| 19:43 | Create | Villager (Male) |
| 19:46 | Build | Town Center |
| 19:47 | Create | Villager (Male) |
| 19:48 | Create | Mangonel |
| 20:16 | Create | Villager (Male) |
| 20:18 | Build | Farm |
| 20:18 | Create | Villager (Male) |
| 20:20 | Build | Farm |
| 20:21 | Build | Farm |
| 20:21 | Build | Farm |
| 20:22 | Build | Farm |
| 20:22 | Build | Farm |
| 20:22 | Build | Farm |
| 21:05 | Create | Villager (Male) |
| 21:05 | Create | Villager (Male) |
| 21:08 | Research | Heavy Plow |
| 21:10 | Build | Mining Camp |
| 21:10 | Create | Villager (Male) |
| 21:10 | Create | Villager (Male) |
| 21:53 | Create | Villager (Male) |
| 21:55 | Build | Farm |
| 21:56 | Build | Farm |
| 21:56 | Build | Farm |
| 21:57 | Build | Farm |
| 21:57 | Build | Farm |
| 21:59 | Build | Farm |
| 22:08 | Create | Battering Ram |
| 22:10 | Build | Farm |
| 22:13 | Create | Villager (Male) |
| 22:13 | Create | Villager (Male) |
| 22:16 | Build | Fish Trap |
| 22:17 | Build | Fish Trap |
| 22:18 | Build | Fish Trap |
| 22:18 | Create | Villager (Male) |
| 22:33 | Build | Farm |
| 22:37 | Create | Fishing Ship |
| 22:37 | Create | Fishing Ship |
| 22:38 | Create | Fishing Ship |
| 22:48 | Build | Dock |
| 22:48 | Create | Villager (Male) |
| 22:48 | Create | Villager (Male) |
| 23:10 | Create | Mangonel |
| 23:12 | Create | Villager (Male) |
| 23:15 | Build | Farm |
| 23:15 | Create | Villager (Male) |
| 23:24 | Create | Villager (Male) |
| 23:27 | Build | Fish Trap |
| 23:30 | Build | House |
| 23:31 | Build | House |
| 23:31 | Build | House |
| 23:54 | Build | Donjon |
| 24:05 | Create | Villager (Male) |
| 24:07 | Build | Farm |
| 24:09 | Research | Loom |
| 24:10 | Research | Wheelbarrow |
| 24:11 | Research | Town Watch |
| 24:14 | Build | Fish Trap |
Build order — Benedict Cucumberpatch
133 actions detected in the replay
| 0:01 | Create | Villager (Male) |
| 0:02 | Build | House |
| 0:03 | Build | House |
| 0:10 | Research | Loom |
| 0:11 | Create | Villager (Male) |
| 0:11 | Create | Villager (Male) |
| 0:19 | Create | Villager (Male) |
| 0:39 | Build | Palisade Wall |
| 1:15 | Build | Palisade Wall |
| 1:18 | Build | Palisade Wall |
| 1:24 | Build | Palisade Wall |
| 1:26 | Build | Palisade Wall |
| 1:29 | Build | Palisade Wall |
| 1:32 | Build | Palisade Wall |
| 1:50 | Create | Villager (Male) |
| 2:00 | Build | Lumber Camp |
| 2:33 | Create | Villager (Male) |
| 3:00 | Create | Villager (Male) |
| 3:25 | Create | Villager (Male) |
| 3:39 | Build | House |
| 3:47 | Create | Villager (Male) |
| 4:09 | Build | Palisade Wall |
| 4:18 | Create | Villager (Male) |
| 4:37 | Create | Villager (Male) |
| 4:55 | Create | Villager (Male) |
| 5:10 | Create | Villager (Male) |
| 5:13 | Create | Villager (Male) |
| 5:23 | Build | Palisade Wall |
| 6:06 | Create | Villager (Male) |
| 6:30 | Build | Mining Camp |
| 7:09 | Research | Feudal Age |
| 7:50 | Build | House |
| 8:27 | Build | House |
| 8:33 | Build | Mill |
| 9:01 | Build | House |
| 9:19 | Age | Feudal Age |
| 9:23 | Build | Stone Wall |
| 9:36 | Create | Villager (Male) |
| 9:38 | Build | Watch Tower |
| 9:46 | Create | Villager (Male) |
| 9:52 | Research | Double-Bit Axe |
| 10:08 | Build | House |
| 10:19 | Create | Villager (Male) |
| 10:26 | Create | Villager (Male) |
| 10:38 | Create | Villager (Male) |
| 11:01 | Build | Stone Wall |
| 11:13 | Research | Horse Collar |
| 11:27 | Create | Villager (Male) |
| 11:35 | Create | Villager (Male) |
| 11:42 | Create | Villager (Male) |
| 11:46 | Build | Watch Tower |
| 12:20 | Create | Villager (Male) |
| 12:38 | Create | Villager (Male) |
| 12:41 | Build | Farm |
| 13:20 | Build | Farm |
| 13:39 | Build | Farm |
| 13:49 | Create | Villager (Male) |
| 13:52 | Build | Farm |
| 14:01 | Build | Farm |
| 14:10 | Create | Villager (Male) |
| 14:20 | Build | Farm |
| 14:29 | Build | Farm |
| 14:31 | Create | Villager (Male) |
| 14:59 | Build | Mining Camp |
| 15:12 | Create | Villager (Male) |
| 15:14 | Build | Farm |
| 15:37 | Create | Villager (Male) |
| 15:46 | Build | Blacksmith |
| 15:49 | Create | Villager (Male) |
| 15:52 | Build | House |
| 16:09 | Create | Villager (Male) |
| 16:13 | Build | House |
| 16:14 | Build | House |
| 16:21 | Build | Farm |
| 16:42 | Create | Villager (Male) |
| 17:17 | Build | Market |
| 17:21 | Create | Villager (Male) |
| 17:36 | Build | Farm |
| 17:48 | Create | Villager (Male) |
| 17:55 | Build | Farm |
| 18:28 | Build | Lumber Camp |
| 18:34 | Research | Castle Age |
| 18:52 | Research | Town Watch |
| 19:41 | Create | Villager (Male) |
| 20:25 | Research | Gold Mining |
| 20:28 | Create | Villager (Male) |
| 21:03 | Build | House |
| 21:14 | Age | Castle Age |
| 21:18 | Build | Castle |
| 21:39 | Create | Villager (Male) |
| 21:46 | Research | Scale Barding Armor |
| 21:53 | Create | Villager (Male) |
| 22:00 | Build | Town Center |
| 22:07 | Build | Town Center |
| 22:12 | Build | Town Center |
| 22:18 | Build | Lumber Camp |
| 22:23 | Research | Heavy Plow |
| 22:23 | Research | Bow Saw |
| 22:26 | Research | Forging |
| 22:34 | Create | Boyar |
| 23:01 | Create | Boyar |
| 23:15 | Create | Villager (Male) |
| 23:25 | Create | Boyar |
| 23:33 | Create | Villager (Male) |
| 23:35 | Build | Farm |
| 23:36 | Build | Farm |
| 23:38 | Create | Villager (Male) |
| 23:38 | Create | Villager (Male) |
| 23:39 | Create | Villager (Male) |
| 23:50 | Build | Farm |
| 23:52 | Create | Villager (Male) |
| 23:52 | Create | Villager (Male) |
| 24:01 | Create | Boyar |
| 24:08 | Create | Villager (Male) |
| 24:21 | Build | Farm |
| 24:22 | Build | Farm |
| 24:24 | Create | Villager (Male) |
| 24:25 | Create | Villager (Male) |
| 24:27 | Build | Farm |
| 24:29 | Build | Farm |
| 24:34 | Create | Villager (Male) |
| 24:48 | Build | Farm |
| 24:52 | Create | Villager (Male) |
| 24:53 | Build | Farm |
| 24:56 | Create | Villager (Male) |
| 24:56 | Create | Villager (Male) |
| 24:57 | Build | Farm |
| 25:07 | Build | Farm |
| 25:21 | Create | Villager (Male) |
| 25:21 | Build | Farm |
| 25:22 | Create | Villager (Male) |
| 25:23 | Create | Villager (Male) |
| 25:31 | Create | Villager (Male) |
Build order — 大葱鸭
First 150 of 241 actions detected
| 0:01 | Create | Villager (Male) ×4 |
| 0:03 | Build | House |
| 0:05 | Build | House |
| 1:31 | Create | Villager (Male) |
| 1:56 | Build | Lumber Camp |
| 2:09 | Create | Villager (Male) |
| 2:24 | Create | Villager (Male) |
| 3:01 | Create | Villager (Male) |
| 3:05 | Create | Villager (Male) |
| 3:05 | Create | Villager (Male) |
| 3:34 | Create | Villager (Male) |
| 3:57 | Build | House |
| 4:01 | Create | Villager (Male) |
| 4:01 | Create | Villager (Male) |
| 4:28 | Build | Dock |
| 4:31 | Create | Villager (Male) |
| 4:46 | Build | House |
| 4:57 | Create | Villager (Male) |
| 5:09 | Create | Villager (Male) |
| 5:23 | Create | Fishing Ship |
| 5:56 | Create | Fishing Ship |
| 6:11 | Build | House |
| 6:18 | Create | Villager (Male) |
| 6:19 | Create | Villager (Male) |
| 6:22 | Create | Fishing Ship |
| 6:26 | Create | Villager (Male) |
| 6:30 | Build | House |
| 6:32 | Build | House |
| 6:55 | Create | Villager (Male) |
| 7:03 | Create | Fishing Ship |
| 7:05 | Create | Villager (Male) |
| 7:27 | Create | Villager (Male) |
| 7:58 | Build | Mill |
| 7:58 | Create | Villager (Male) |
| 7:59 | Create | Fishing Ship |
| 8:21 | Create | Villager (Male) |
| 8:37 | Build | House |
| 8:38 | Build | House |
| 8:45 | Create | Fishing Ship |
| 9:01 | Create | Villager (Male) |
| 9:23 | Create | Fishing Ship |
| 9:46 | Build | Lumber Camp |
| 10:02 | Research | Feudal Age |
| 10:07 | Build | Mining Camp |
| 10:53 | Create | Fishing Ship |
| 11:19 | Build | Dock |
| 11:22 | Build | Dock |
| 11:37 | Create | Villager (Male) |
| 11:37 | Create | Villager (Male) |
| 12:16 | Age | Feudal Age |
| 12:18 | Build | Market |
| 12:20 | Build | Blacksmith |
| 12:27 | Research | Double-Bit Axe |
| 12:43 | Build | Fish Trap |
| 13:04 | Research | Castle Age |
| 13:04 | Research | Castle Age |
| 13:10 | Research | Tech 906 |
| 13:19 | Build | House |
| 13:20 | Build | House |
| 13:26 | Build | Fish Trap |
| 13:48 | Build | Fish Trap |
| 13:58 | Build | Fish Trap |
| 14:06 | Create | Fishing Ship |
| 14:18 | Create | Fishing Ship |
| 14:18 | Create | Fishing Ship |
| 14:30 | Create | Villager (Male) |
| 15:00 | Create | Fishing Ship |
| 15:01 | Create | Fishing Ship |
| 15:05 | Build | Fish Trap |
| 15:13 | Build | Fish Trap |
| 15:26 | Create | Villager (Male) |
| 15:46 | Age | Castle Age |
| 15:52 | Build | Town Center |
| 15:53 | Research | Bow Saw |
| 16:18 | Create | Villager (Male) |
| 16:35 | Create | Villager (Male) |
| 16:35 | Create | Villager (Male) |
| 16:39 | Build | Town Center |
| 16:42 | Create | Villager (Male) |
| 17:02 | Create | Villager (Male) |
| 17:06 | Build | Palisade Wall |
| 17:09 | Create | Villager (Male) |
| 17:13 | Research | Wheelbarrow |
| 17:13 | Create | Villager (Male) |
| 17:24 | Research | Loom |
| 17:26 | Research | Gillnets |
| 17:27 | Create | Fishing Ship |
| 17:28 | Create | Villager (Male) |
| 17:31 | Build | Fish Trap |
| 17:37 | Create | Villager (Male) |
| 17:42 | Create | Fishing Ship |
| 17:46 | Build | Dock |
| 18:00 | Build | Palisade Gate |
| 18:04 | Build | House |
| 18:07 | Build | House |
| 18:10 | Create | Villager (Male) |
| 18:16 | Build | Gate |
| 18:18 | Build | Stone Wall |
| 18:19 | Create | Villager (Male) |
| 18:22 | Build | Stone Wall |
| 18:24 | Create | Villager (Male) |
| 18:25 | Create | Villager (Male) |
| 18:30 | Create | Villager (Male) |
| 18:30 | Create | Villager (Male) |
| 18:31 | Create | Villager (Male) |
| 18:32 | Create | Fishing Ship |
| 18:33 | Create | Fishing Ship |
| 18:34 | Build | House |
| 18:34 | Build | House |
| 18:36 | Create | Villager (Male) |
| 18:38 | Build | Monastery |
| 18:54 | Create | Fishing Ship |
| 18:54 | Create | Fishing Ship |
| 18:57 | Build | Fish Trap |
| 18:59 | Build | Fish Trap |
| 19:01 | Build | Fish Trap |
| 19:07 | Build | Stone Wall |
| 19:11 | Create | Villager (Male) |
| 19:21 | Build | Fish Trap |
| 19:23 | Build | Fish Trap |
| 19:24 | Create | Villager (Male) |
| 19:25 | Create | Fishing Ship |
| 19:25 | Create | Fishing Ship |
| 19:32 | Build | Dock |
| 19:35 | Create | Monk |
| 19:38 | Create | Villager (Male) |
| 19:47 | Build | Fish Trap |
| 19:49 | Create | Villager (Male) |
| 19:51 | Create | Villager (Male) |
| 19:56 | Build | Fish Trap |
| 19:57 | Create | Fishing Ship |
| 19:58 | Create | Villager (Male) |
| 19:59 | Create | Fishing Ship |
| 20:00 | Create | Fishing Ship |
| 20:12 | Build | House |
| 20:13 | Build | House |
| 20:13 | Build | House |
| 20:14 | Create | Villager (Male) |
| 20:14 | Create | Villager (Male) |
| 20:16 | Create | Fishing Ship |
| 20:16 | Create | Fishing Ship |
| 20:28 | Build | Fish Trap |
| 20:37 | Create | Villager (Male) |
| 20:37 | Create | Villager (Male) |
| 20:41 | Build | Fish Trap |
| 20:46 | Build | Fish Trap |
| 20:47 | Create | Villager (Male) |
| 20:48 | Create | Villager (Male) |
| 20:51 | Build | Fish Trap |
| 20:54 | Build | Fish Trap |
Build order — Kazi
140 actions detected in the replay
| 0:01 | Create | Villager (Male) |
| 0:02 | Build | House |
| 0:03 | Build | House |
| 0:16 | Create | Villager (Male) |
| 0:16 | Create | Villager (Male) |
| 0:16 | Create | Villager (Male) |
| 0:17 | Create | Villager (Male) |
| 1:29 | Create | Villager (Male) |
| 1:49 | Build | Lumber Camp |
| 2:03 | Create | Villager (Male) |
| 2:20 | Create | Villager (Male) |
| 2:44 | Create | Villager (Male) |
| 2:58 | Build | House |
| 3:11 | Create | Villager (Male) |
| 3:11 | Create | Villager (Male) |
| 3:32 | Create | Villager (Male) |
| 3:49 | Create | Villager (Male) |
| 3:49 | Create | Villager (Male) |
| 3:59 | Create | Villager (Male) |
| 4:17 | Create | Villager (Male) |
| 4:17 | Create | Villager (Male) |
| 5:04 | Build | Barracks |
| 5:12 | Create | Villager (Male) |
| 5:30 | Build | House |
| 5:41 | Create | Villager (Male) |
| 6:11 | Create | Villager (Male) |
| 6:45 | Research | Feudal Age |
| 6:48 | Build | Mining Camp |
| 7:16 | Create | Militia |
| 7:16 | Create | Militia |
| 7:22 | Build | Mining Camp |
| 7:36 | Create | Militia |
| 7:36 | Create | Militia |
| 8:26 | Build | House |
| 8:28 | Create | Villager (Male) |
| 8:28 | Create | Villager (Male) |
| 8:55 | Age | Feudal Age |
| 8:56 | Build | Watch Tower |
| 9:00 | Research | Arson |
| 9:17 | Research | Man-at-Arms (upgrade) |
| 9:38 | Build | Blacksmith |
| 9:56 | Create | Villager (Male) |
| 10:11 | Create | Villager (Male) |
| 10:18 | Build | Watch Tower |
| 10:43 | Build | Mill |
| 10:44 | Create | Villager (Male) |
| 11:06 | Create | Villager (Male) |
| 11:43 | Build | Farm |
| 11:45 | Build | Farm |
| 11:58 | Build | Stone Wall |
| 12:13 | Create | Villager (Male) |
| 12:13 | Create | Villager (Male) |
| 12:20 | Create | Villager (Male) |
| 12:20 | Create | Villager (Male) |
| 12:24 | Build | House |
| 12:36 | Build | Stone Wall |
| 12:37 | Create | Villager (Male) |
| 12:46 | Build | Farm |
| 13:09 | Build | House |
| 13:20 | Create | Villager (Male) |
| 13:46 | Create | Villager (Male) |
| 13:52 | Research | Double-Bit Axe |
| 13:52 | Research | Double-Bit Axe |
| 14:04 | Create | Villager (Male) |
| 14:10 | Build | Dock |
| 14:25 | Build | House |
| 14:26 | Build | House |
| 14:35 | Create | Villager (Male) |
| 14:50 | Create | Fishing Ship |
| 14:55 | Build | House |
| 14:58 | Create | Villager (Male) |
| 14:59 | Create | Fishing Ship |
| 15:19 | Create | Villager (Male) |
| 15:27 | Research | Tech 906 |
| 15:32 | Build | Farm |
| 15:42 | Research | Horse Collar |
| 15:42 | Research | Horse Collar |
| 15:53 | Create | Villager (Male) |
| 15:55 | Build | Farm |
| 16:12 | Create | Villager (Male) |
| 16:14 | Build | Lumber Camp |
| 16:20 | Build | Farm |
| 16:22 | Create | Villager (Male) |
| 16:25 | Create | Fishing Ship |
| 16:29 | Create | Villager (Male) |
| 16:29 | Create | Villager (Male) |
| 16:32 | Build | House |
| 16:39 | Build | Farm |
| 16:50 | Build | Farm |
| 16:57 | Create | Fishing Ship |
| 16:58 | Create | Villager (Male) |
| 17:02 | Build | House |
| 17:13 | Build | Farm |
| 17:16 | Create | Villager (Male) |
| 17:25 | Build | Farm |
| 17:32 | Create | Fishing Ship |
| 17:33 | Create | Villager (Male) |
| 17:48 | Create | Villager (Male) |
| 18:01 | Build | Market |
| 18:18 | Build | Stone Wall |
| 18:18 | Build | Stone Wall |
| 18:25 | Research | Loom |
| 18:33 | Build | Farm |
| 18:34 | Build | Farm |
| 18:35 | Build | Farm |
| 19:16 | Build | Farm |
| 19:32 | Create | Fishing Ship |
| 19:48 | Research | Castle Age |
| 20:29 | Create | Fishing Ship |
| 20:37 | Create | Villager (Male) |
| 20:37 | Create | Villager (Male) |
| 21:19 | Build | Stone Wall |
| 21:27 | Build | Barracks |
| 21:33 | Build | House |
| 21:34 | Build | House |
| 21:40 | Build | House |
| 21:41 | Build | House |
| 21:49 | Research | Gold Mining |
| 21:58 | Build | Fish Trap |
| 22:03 | Build | Fish Trap |
| 22:07 | Build | Fish Trap |
| 22:11 | Build | Archery Range |
| 22:16 | Build | Fish Trap |
| 22:20 | Build | Archery Range |
| 22:22 | Build | Fish Trap |
| 22:28 | Age | Castle Age |
| 22:34 | Build | Siege Workshop |
| 22:39 | Research | Bow Saw |
| 22:43 | Research | Fletching |
| 22:44 | Create | Villager (Male) |
| 22:45 | Create | Villager (Male) |
| 23:12 | Build | Archery Range |
| 23:14 | Research | Bodkin Arrow |
| 23:58 | Create | Villager (Male) |
| 24:01 | Build | Town Center |
| 24:07 | Create | Villager (Male) |
| 24:07 | Create | Villager (Male) |
| 24:24 | Research | Wheelbarrow |
| 24:38 | Create | Villager (Male) |
| 24:56 | Build | Lumber Camp |
Build order — Mr.J
129 actions detected in the replay
| 0:04 | Create | Villager (Male) ×4 |
| 0:06 | Build | House |
| 0:08 | Build | House |
| 1:31 | Create | Villager (Male) |
| 1:31 | Create | Villager (Male) |
| 1:49 | Build | Lumber Camp |
| 1:59 | Create | Villager (Male) |
| 1:59 | Create | Villager (Male) |
| 2:34 | Create | Villager (Male) |
| 2:34 | Create | Villager (Male) |
| 2:53 | Create | Villager (Male) |
| 2:54 | Create | Villager (Male) |
| 3:20 | Create | Villager (Male) |
| 3:20 | Create | Villager (Male) |
| 3:44 | Create | Villager (Male) |
| 3:45 | Create | Villager (Male) |
| 3:55 | Build | House |
| 4:18 | Create | Villager (Male) ×2 |
| 4:18 | Create | Villager (Male) ×2 |
| 4:45 | Build | Dock |
| 5:02 | Create | Villager (Male) |
| 5:02 | Create | Villager (Male) |
| 5:03 | Create | Villager (Male) |
| 5:32 | Build | House |
| 5:35 | Create | Fishing Ship |
| 5:35 | Create | Fishing Ship |
| 5:42 | Build | House |
| 5:56 | Create | Villager (Male) ×2 |
| 5:56 | Create | Villager (Male) ×2 |
| 5:56 | Create | Villager (Male) |
| 5:57 | Create | Villager (Male) |
| 6:21 | Create | Fishing Ship |
| 7:19 | Create | Villager (Male) |
| 7:20 | Create | Villager (Male) |
| 7:20 | Create | Villager (Male) |
| 7:20 | Create | Villager (Male) |
| 7:30 | Create | Fishing Ship |
| 7:50 | Build | Mill |
| 8:00 | Create | Villager (Male) |
| 8:14 | Build | House |
| 8:19 | Build | Lumber Camp |
| 9:07 | Create | Fishing Ship |
| 9:25 | Build | Mining Camp |
| 9:29 | Research | Feudal Age |
| 9:50 | Create | Fishing Ship |
| 10:04 | Build | House |
| 11:35 | Create | Villager (Male) |
| 11:35 | Create | Villager (Male) |
| 11:53 | Age | Feudal Age |
| 11:55 | Build | Market |
| 11:59 | Create | Fishing Ship |
| 12:06 | Build | Blacksmith |
| 12:24 | Research | Double-Bit Axe |
| 12:38 | Create | Fishing Ship |
| 12:59 | Research | Castle Age |
| 12:59 | Research | Castle Age |
| 13:32 | Build | Dock |
| 14:31 | Create | Villager (Male) |
| 14:31 | Create | Villager (Male) |
| 14:39 | Build | House |
| 14:46 | Research | Tech 906 |
| 15:00 | Build | Dock |
| 15:39 | Age | Castle Age |
| 15:41 | Build | Siege Workshop |
| 15:52 | Build | Town Center |
| 16:01 | Research | Bow Saw |
| 16:15 | Research | Gillnets |
| 16:23 | Create | Mangonel |
| 16:30 | Build | House |
| 16:35 | Create | Villager (Male) |
| 16:41 | Research | Gold Mining |
| 16:45 | Create | Villager (Male) |
| 17:13 | Create | Mangonel |
| 17:19 | Create | Villager (Male) |
| 17:32 | Create | Villager (Male) |
| 17:32 | Create | Villager (Male) |
| 17:55 | Create | Villager (Male) |
| 18:13 | Create | Villager (Male) |
| 18:14 | Create | Villager (Male) |
| 18:29 | Research | Loom |
| 18:29 | Research | Loom |
| 18:41 | Create | Villager (Male) |
| 18:41 | Create | Villager (Male) |
| 19:28 | Build | Lumber Camp |
| 19:32 | Build | Fish Trap |
| 19:34 | Build | Fish Trap |
| 19:37 | Build | Fish Trap |
| 19:41 | Create | Mangonel |
| 19:45 | Build | House |
| 20:11 | Create | Mangonel |
| 20:15 | Create | Villager (Male) |
| 20:15 | Create | Villager (Male) |
| 20:16 | Create | Villager (Male) |
| 20:18 | Build | Lumber Camp |
| 20:23 | Create | Fishing Ship |
| 20:24 | Create | Fishing Ship |
| 20:25 | Create | Fishing Ship |
| 20:29 | Build | Fish Trap |
| 20:30 | Build | Fish Trap |
| 20:34 | Build | Fish Trap |
| 20:39 | Build | Fish Trap |
| 20:53 | Build | Town Center |
| 21:53 | Create | Mangonel |
| 21:58 | Build | Fish Trap |
| 22:01 | Create | Fishing Ship ×5 |
| 22:04 | Create | Villager (Male) ×3 |
| 22:09 | Build | House |
| 22:10 | Build | House |
| 22:10 | Build | House |
| 22:11 | Build | House |
| 22:12 | Build | House |
| 22:15 | Build | House |
| 22:21 | Build | Fish Trap |
| 22:24 | Build | Fish Trap |
| 22:33 | Build | Lumber Camp |
| 22:38 | Build | Lumber Camp |
| 22:43 | Create | Villager (Male) |
| 22:44 | Research | Wheelbarrow |
| 22:45 | Research | Wheelbarrow |
| 22:48 | Build | Fish Trap |
| 22:52 | Build | Fish Trap |
| 22:56 | Build | Fish Trap |
| 23:11 | Create | Mangonel |
| 23:32 | Build | Monastery |
| 23:37 | Build | Fish Trap |
| 23:43 | Create | Villager (Male) |
| 24:08 | Build | Stone Wall |
| 24:10 | Build | Fish Trap |
| 24:14 | Create | Villager (Male) ×5 |
Build order — Vermilionz
First 150 of 266 actions detected
| 0:02 | Create | Villager (Male) ×4 |
| 0:03 | Build | House |
| 0:04 | Build | House |
| 1:29 | Create | Villager (Male) |
| 1:45 | Build | Lumber Camp |
| 2:26 | Create | Villager (Male) |
| 2:26 | Create | Villager (Male) |
| 2:26 | Create | Villager (Male) |
| 3:03 | Create | Villager (Male) |
| 3:03 | Create | Villager (Male) |
| 3:17 | Create | Villager (Male) |
| 3:17 | Create | Villager (Male) |
| 3:45 | Create | Villager (Male) |
| 3:45 | Create | Villager (Male) |
| 4:02 | Create | Villager (Male) |
| 4:02 | Create | Villager (Male) |
| 4:11 | Research | Loom |
| 4:14 | Create | Villager (Male) |
| 4:20 | Build | House |
| 4:48 | Build | Dock |
| 4:48 | Create | Villager (Male) |
| 4:49 | Create | Villager (Male) |
| 5:17 | Create | Villager (Male) |
| 5:17 | Create | Villager (Male) |
| 5:42 | Create | Villager (Male) |
| 5:51 | Build | Palisade Wall |
| 5:55 | Build | Palisade Wall |
| 6:07 | Create | Villager (Male) |
| 6:08 | Build | House |
| 6:09 | Create | Fishing Ship |
| 6:24 | Create | Villager (Male) |
| 6:24 | Create | Villager (Male) |
| 6:39 | Create | Fishing Ship |
| 7:01 | Create | Fishing Ship |
| 7:11 | Build | Palisade Wall |
| 7:12 | Build | Palisade Wall |
| 7:12 | Build | Palisade Wall |
| 7:13 | Build | Palisade Wall |
| 7:14 | Build | Palisade Wall |
| 7:15 | Build | Palisade Wall |
| 7:16 | Build | Palisade Wall |
| 7:17 | Build | Palisade Wall |
| 7:18 | Build | Palisade Wall |
| 7:22 | Create | Villager (Male) |
| 7:22 | Create | Villager (Male) |
| 7:59 | Create | Villager (Male) |
| 8:08 | Build | Mining Camp |
| 8:13 | Build | Palisade Wall |
| 8:14 | Build | Palisade Wall |
| 8:15 | Build | Palisade Wall |
| 8:16 | Build | Palisade Wall |
| 8:39 | Create | Villager (Male) |
| 8:45 | Build | House |
| 8:46 | Create | Fishing Ship |
| 9:13 | Create | Villager (Male) |
| 9:14 | Create | Fishing Ship |
| 9:40 | Build | Palisade Wall |
| 9:41 | Build | Palisade Wall |
| 9:42 | Build | Palisade Wall |
| 9:58 | Create | Villager (Male) |
| 10:00 | Create | Fishing Ship |
| 10:03 | Build | Palisade Wall |
| 10:06 | Build | Palisade Wall |
| 10:22 | Build | Lumber Camp |
| 10:24 | Create | Villager (Male) |
| 10:24 | Create | Villager (Male) |
| 10:29 | Build | House |
| 11:15 | Build | Palisade Wall |
| 11:15 | Build | Palisade Wall |
| 11:19 | Build | Palisade Wall |
| 11:20 | Build | Palisade Wall |
| 11:22 | Build | Palisade Wall |
| 11:22 | Build | Palisade Wall |
| 11:30 | Research | Feudal Age |
| 11:32 | Create | Fishing Ship |
| 11:41 | Create | Fishing Ship |
| 12:34 | Create | Villager (Male) |
| 12:40 | Build | House |
| 12:47 | Create | Fishing Ship |
| 12:54 | Age | Feudal Age |
| 12:58 | Create | Villager (Male) |
| 13:00 | Research | Double-Bit Axe |
| 13:08 | Build | Mill |
| 13:18 | Create | Villager (Male) |
| 13:26 | Build | Outpost |
| 13:33 | Create | Fishing Ship |
| 14:03 | Build | House |
| 14:06 | Create | Villager (Male) |
| 14:10 | Build | Stone Wall |
| 14:11 | Build | Stone Wall |
| 14:12 | Build | Stone Wall |
| 14:12 | Build | Stone Wall |
| 14:13 | Build | Stone Wall |
| 14:13 | Build | Stone Wall |
| 14:18 | Build | Stone Wall |
| 14:32 | Build | House |
| 14:38 | Create | Villager (Male) |
| 14:45 | Create | Villager (Male) |
| 14:49 | Create | Fishing Ship |
| 14:53 | Build | Fish Trap |
| 14:56 | Build | Fish Trap |
| 15:07 | Build | Dock |
| 15:22 | Build | Market |
| 15:26 | Build | Blacksmith |
| 15:32 | Create | Villager (Male) |
| 15:36 | Create | Fishing Ship |
| 15:37 | Build | Fish Trap |
| 15:47 | Build | Fish Trap |
| 15:50 | Build | Fish Trap |
| 15:52 | Build | Fish Trap |
| 15:54 | Build | Fish Trap |
| 15:56 | Build | Fish Trap |
| 16:15 | Research | Castle Age |
| 16:25 | Build | Fish Trap |
| 16:27 | Build | Fish Trap |
| 16:37 | Build | House |
| 16:46 | Build | Fish Trap |
| 16:53 | Build | Fish Trap |
| 16:56 | Research | Tech 906 |
| 17:14 | Create | Villager (Male) |
| 17:19 | Create | Fishing Ship |
| 17:21 | Build | House |
| 17:21 | Build | House |
| 17:48 | Create | Villager (Male) |
| 17:51 | Age | Castle Age |
| 17:57 | Build | Town Center |
| 17:58 | Research | Bow Saw |
| 18:14 | Build | Fish Trap |
| 18:16 | Create | Fishing Ship |
| 18:18 | Build | House |
| 18:18 | Build | House |
| 18:30 | Create | Villager (Male) |
| 18:55 | Create | Villager (Male) |
| 19:03 | Build | Town Center |
| 19:10 | Create | Fishing Ship |
| 19:12 | Build | Fish Trap |
| 19:16 | Build | House |
| 19:19 | Create | Villager (Male) |
| 19:20 | Create | Villager (Male) |
| 19:20 | Create | Villager (Male) |
| 19:38 | Create | Villager (Male) |
| 19:46 | Create | Fishing Ship |
| 19:47 | Build | House |
| 19:50 | Build | Dock |
| 19:54 | Create | Fishing Ship |
| 19:56 | Build | Fish Trap |
| 20:01 | Create | Villager (Male) |
| 20:10 | Create | Villager (Male) |
| 20:12 | Create | Fishing Ship |
| 20:14 | Create | Fishing Ship |
Build order — InGodWeTrust
126 actions detected in the replay
| 0:02 | Create | Villager (Male) |
| 0:02 | Create | Villager (Male) |
| 0:03 | Build | House |
| 0:04 | Build | House |
| 0:12 | Create | Villager (Male) |
| 0:12 | Create | Villager (Male) |
| 0:12 | Create | Villager (Male) |
| 1:20 | Create | Villager (Male) |
| 1:20 | Create | Villager (Male) |
| 1:50 | Research | Loom |
| 2:08 | Create | Villager (Male) |
| 2:08 | Create | Villager (Male) |
| 2:22 | Create | Villager (Male) |
| 3:03 | Create | Villager (Male) |
| 3:17 | Create | Villager (Male) |
| 3:17 | Create | Villager (Male) |
| 3:47 | Build | Palisade Wall |
| 3:56 | Create | Villager (Male) |
| 3:56 | Create | Villager (Male) |
| 4:01 | Build | Palisade Wall |
| 4:01 | Build | Palisade Wall |
| 4:02 | Build | Palisade Wall |
| 4:13 | Create | Villager (Male) |
| 4:13 | Create | Villager (Male) |
| 4:17 | Build | House |
| 4:28 | Create | Villager (Male) |
| 4:46 | Create | Villager (Male) |
| 4:46 | Create | Villager (Male) |
| 5:40 | Create | Villager (Male) |
| 5:40 | Create | Villager (Male) |
| 5:45 | Build | Lumber Camp |
| 5:56 | Build | Palisade Wall |
| 6:24 | Build | House |
| 7:01 | Build | House |
| 7:05 | Create | Villager (Male) |
| 7:46 | Create | Villager (Male) |
| 7:57 | Create | Villager (Male) |
| 8:03 | Build | Palisade Wall |
| 8:24 | Build | House |
| 8:36 | Build | Mill |
| 8:41 | Build | Mill |
| 8:43 | Create | Villager (Male) |
| 8:43 | Create | Villager (Male) |
| 8:43 | Create | Villager (Male) |
| 8:59 | Build | Palisade Wall |
| 9:00 | Build | Palisade Wall |
| 9:01 | Build | Palisade Wall |
| 9:14 | Build | Farm |
| 9:49 | Build | Mining Camp |
| 10:13 | Research | Feudal Age |
| 10:13 | Research | Feudal Age |
| 10:29 | Build | Palisade Wall |
| 10:47 | Build | Palisade Wall |
| 11:11 | Build | Mill |
| 11:32 | Build | House |
| 11:42 | Build | House |
| 11:45 | Create | Villager (Male) |
| 12:09 | Build | Mining Camp |
| 12:23 | Age | Feudal Age |
| 12:28 | Build | House |
| 12:37 | Build | Watch Tower |
| 12:51 | Build | House |
| 12:53 | Create | Villager (Male) |
| 12:53 | Create | Villager (Male) |
| 13:00 | Build | House |
| 13:07 | Build | House |
| 13:20 | Build | House |
| 13:44 | Create | Villager (Male) |
| 13:45 | Create | Villager (Male) |
| 13:45 | Create | Villager (Male) |
| 14:09 | Build | Watch Tower |
| 14:12 | Create | Villager (Male) |
| 15:20 | Build | Market |
| 15:21 | Create | Villager (Male) |
| 15:26 | Build | Farm |
| 15:46 | Build | Farm |
| 15:47 | Build | Farm |
| 15:47 | Build | Farm |
| 15:48 | Build | Farm |
| 16:04 | Build | Stone Wall |
| 16:13 | Build | Stone Wall |
| 16:20 | Build | Farm |
| 16:22 | Create | Villager (Male) |
| 16:23 | Create | Villager (Male) |
| 16:33 | Build | Stone Wall |
| 17:05 | Build | Farm |
| 17:12 | Build | Farm |
| 17:13 | Build | Farm |
| 17:15 | Create | Villager (Male) |
| 17:39 | Build | Farm |
| 17:40 | Build | Farm |
| 17:48 | Create | Villager (Male) |
| 17:51 | Create | Villager (Male) |
| 18:19 | Create | Villager (Male) |
| 18:20 | Create | Villager (Male) |
| 18:20 | Create | Villager (Male) |
| 18:46 | Build | Farm |
| 18:48 | Research | Horse Collar |
| 18:50 | Create | Villager (Male) |
| 19:23 | Research | Double-Bit Axe |
| 19:51 | Create | Villager (Male) |
| 20:04 | Build | Market |
| 20:06 | Create | Villager (Male) |
| 20:08 | Create | Villager (Male) |
| 20:36 | Build | Farm |
| 20:36 | Build | Farm |
| 20:37 | Build | Farm |
| 21:02 | Create | Villager (Male) |
| 21:18 | Build | Blacksmith |
| 21:21 | Create | Villager (Male) |
| 21:54 | Research | Castle Age |
| 21:54 | Research | Castle Age |
| 22:01 | Build | House |
| 22:10 | Research | Gold Mining |
| 22:16 | Build | Mining Camp |
| 22:46 | Create | Villager (Male) |
| 24:06 | Build | Lumber Camp |
| 24:08 | Build | Lumber Camp |
| 24:38 | Age | Castle Age |
| 24:40 | Build | Siege Workshop |
| 24:44 | Build | Monastery |
| 24:48 | Build | Monastery |
| 24:53 | Create | Villager (Male) |
| 24:54 | Create | Villager (Male) |
| 25:19 | Create | Battering Ram |
| 25:19 | Create | Battering Ram |
Build order — Iron Champion
142 actions detected in the replay
| 0:01 | Create | Villager (Male) |
| 0:01 | Create | Villager (Male) |
| 0:02 | Build | House |
| 0:03 | Create | Villager (Male) |
| 0:04 | Build | House |
| 0:04 | Create | Villager (Male) |
| 0:13 | Research | Loom |
| 1:14 | Create | Villager (Male) |
| 1:24 | Create | Villager (Male) |
| 2:12 | Build | Palisade Wall |
| 2:21 | Create | Villager (Male) |
| 2:33 | Build | Palisade Wall |
| 2:41 | Build | Palisade Wall |
| 2:52 | Create | Villager (Male) |
| 3:03 | Create | Villager (Male) |
| 3:18 | Create | Villager (Male) |
| 3:32 | Build | Palisade Wall |
| 3:35 | Build | Palisade Wall |
| 3:48 | Create | Villager (Male) |
| 4:06 | Build | Palisade Wall |
| 4:15 | Build | House |
| 4:33 | Build | Palisade Wall |
| 4:39 | Create | Villager (Male) |
| 4:52 | Create | Villager (Male) |
| 5:19 | Create | Villager (Male) |
| 5:34 | Build | Lumber Camp |
| 5:45 | Create | Villager (Male) |
| 5:56 | Create | Villager (Male) |
| 6:00 | Build | House |
| 6:30 | Create | Villager (Male) |
| 6:59 | Create | Villager (Male) |
| 7:14 | Build | Mill |
| 7:19 | Create | Villager (Male) |
| 7:44 | Create | Villager (Male) |
| 8:07 | Build | House |
| 8:18 | Research | Feudal Age |
| 8:40 | Build | Palisade Wall |
| 9:07 | Build | Mining Camp |
| 10:10 | Create | Villager (Male) |
| 10:34 | Age | Feudal Age |
| 10:41 | Build | Watch Tower |
| 10:53 | Build | Barracks |
| 11:05 | Create | Villager (Male) |
| 11:30 | Create | Militia |
| 11:30 | Create | Militia |
| 11:32 | Research | Arson |
| 11:47 | Create | Villager (Male) |
| 11:52 | Create | Militia |
| 12:11 | Create | Militia |
| 12:27 | Create | Villager (Male) |
| 12:40 | Create | Militia |
| 12:49 | Create | Villager (Male) |
| 12:59 | Create | Villager (Male) |
| 13:01 | Build | Farm |
| 13:03 | Build | Farm |
| 13:05 | Build | Farm |
| 13:06 | Build | Farm |
| 13:08 | Create | Villager (Male) |
| 13:57 | Create | Militia |
| 14:11 | Create | Militia |
| 14:14 | Build | Farm |
| 14:17 | Build | Farm |
| 14:19 | Build | Farm |
| 14:21 | Build | House |
| 14:28 | Create | Militia |
| 14:35 | Build | House |
| 14:40 | Build | Blacksmith |
| 14:42 | Build | Farm |
| 14:44 | Create | Villager (Male) |
| 15:20 | Create | Spearman |
| 15:25 | Build | Stone Wall |
| 15:35 | Create | Spearman |
| 15:35 | Create | Spearman |
| 15:37 | Create | Villager (Male) |
| 15:37 | Create | Villager (Male) |
| 15:42 | Build | Farm |
| 15:42 | Build | Farm |
| 16:04 | Create | Villager (Male) |
| 16:11 | Build | Market |
| 16:31 | Create | Villager (Male) |
| 16:35 | Build | Farm |
| 17:01 | Build | Farm |
| 17:03 | Create | Villager (Male) |
| 17:18 | Build | Farm |
| 17:21 | Build | Farm |
| 17:23 | Create | Villager (Male) |
| 17:24 | Build | House |
| 17:39 | Build | Stone Wall |
| 17:43 | Build | Mining Camp |
| 17:45 | Create | Villager (Male) |
| 18:11 | Create | Villager (Male) |
| 18:14 | Build | House |
| 18:40 | Create | Villager (Male) |
| 18:42 | Build | Farm |
| 19:03 | Research | Castle Age |
| 19:12 | Build | Farm |
| 19:12 | Build | Farm |
| 19:41 | Build | Stone Wall |
| 19:51 | Build | Farm |
| 19:52 | Build | Farm |
| 20:07 | Build | Stone Wall |
| 20:27 | Research | Wheelbarrow |
| 20:39 | Research | Double-Bit Axe |
| 20:40 | Research | Horse Collar |
| 21:38 | Build | Stone Wall |
| 21:40 | Build | Stone Wall |
| 21:43 | Age | Castle Age |
| 21:56 | Build | Town Center |
| 22:02 | Create | Villager (Male) |
| 22:05 | Research | Forging |
| 22:18 | Research | Scale Mail Armor |
| 22:20 | Create | Villager (Male) |
| 22:22 | Research | Squires |
| 22:24 | Research | Gambesons |
| 22:59 | Create | Villager (Male) |
| 23:03 | Create | Villager (Male) |
| 23:07 | Create | Villager (Male) |
| 23:07 | Create | Villager (Male) |
| 23:12 | Research | Chain Mail Armor |
| 23:25 | Create | Villager (Male) |
| 23:26 | Create | Militia |
| 23:27 | Create | Militia |
| 23:47 | Build | Gate |
| 23:50 | Create | Villager (Male) |
| 24:03 | Build | Palisade Wall |
| 24:09 | Create | Villager (Male) |
| 24:15 | Build | Farm |
| 24:17 | Create | Villager (Male) |
| 24:20 | Build | Town Center |
| 24:24 | Create | Villager (Male) |
| 24:26 | Create | Militia |
| 24:26 | Create | Militia |
| 24:41 | Research | Iron Casting |
| 24:47 | Create | Villager (Male) |
| 25:03 | Create | Militia |
| 25:03 | Create | Militia |
| 25:14 | Build | Stone Wall |
| 25:18 | Create | Villager (Male) |
| 25:35 | Build | House |
| 25:36 | Build | House |
| 25:46 | Build | Farm |
| 25:48 | Build | Farm |
Match timeline
| 0:39 | Benedict Cucumberpatch · wall_segment Palisade Wall x5 |
| 1:15 | Benedict Cucumberpatch · wall_segment Palisade Wall x1 |
| 1:18 | Benedict Cucumberpatch · wall_segment Palisade Wall x1 |
| 1:24 | Benedict Cucumberpatch · wall_segment Palisade Wall x1 |
| 1:26 | Benedict Cucumberpatch · wall_segment Palisade Wall x1 |
| 1:29 | Benedict Cucumberpatch · wall_segment Palisade Wall x1 |
| 1:32 | Benedict Cucumberpatch · wall_segment Palisade Wall x1 |
| 2:12 | Iron Champion · wall_segment Palisade Wall x8 |
| 2:33 | Iron Champion · wall_segment Palisade Wall x1 |
| 2:41 | Iron Champion · wall_segment Palisade Wall x1 |
| 3:32 | Iron Champion · wall_segment Palisade Wall x1 |
| 3:35 | Iron Champion · wall_segment Palisade Wall x1 |
| 3:47 | InGodWeTrust · wall_segment Palisade Wall x7 |
| 4:01 | InGodWeTrust · wall_segment Palisade Wall x1 |
| 4:01 | InGodWeTrust · wall_segment Palisade Wall x1 |
| 4:02 | InGodWeTrust · wall_segment Palisade Wall x1 |
| 4:06 | Iron Champion · wall_segment Palisade Wall x8 |
| 4:09 | Benedict Cucumberpatch · wall_segment Palisade Wall x4 |
| 4:28 | 大葱鸭 · first_building Dock |
| 4:33 | Iron Champion · wall_segment Palisade Wall x1 |
| 4:45 | Mr.J · first_building Dock |
| 4:48 | Vermilionz · first_building Dock |
| 4:49 | Bean goose · first_building Dock |
| 5:04 | Kazi · first_building Barracks |
| 5:23 | Benedict Cucumberpatch · wall_segment Palisade Wall x6 |
| 5:51 | Vermilionz · wall_segment Palisade Wall x5 |
| 5:55 | Vermilionz · wall_segment Palisade Wall x5 |
| 5:56 | InGodWeTrust · wall_segment Palisade Wall x8 |
| 7:11 | Vermilionz · wall_segment Palisade Wall x1 |
| 7:12 | Vermilionz · wall_segment Palisade Wall x1 |
| 7:12 | Vermilionz · wall_segment Palisade Wall x1 |
| 7:13 | Vermilionz · wall_segment Palisade Wall x1 |
| 7:14 | Vermilionz · wall_segment Palisade Wall x1 |
| 7:15 | Vermilionz · wall_segment Palisade Wall x1 |
| 7:16 | Vermilionz · wall_segment Palisade Wall x1 |
| 7:17 | Vermilionz · wall_segment Palisade Wall x4 |
| 7:18 | Vermilionz · wall_segment Palisade Wall x1 |
| 8:03 | InGodWeTrust · wall_segment Palisade Wall x18 |
| 8:13 | Vermilionz · wall_segment Palisade Wall x2 |
| 8:14 | Vermilionz · wall_segment Palisade Wall x4 |
| 8:15 | Vermilionz · wall_segment Palisade Wall x1 |
| 8:16 | Vermilionz · wall_segment Palisade Wall x1 |
| 8:40 | Iron Champion · wall_segment Palisade Wall x6 |
| 8:55 | Kazi · age_up feudal |
| 8:59 | InGodWeTrust · wall_segment Palisade Wall x3 |
| 9:00 | InGodWeTrust · wall_segment Palisade Wall x2 |
| 9:01 | InGodWeTrust · wall_segment Palisade Wall x8 |
| 9:19 | Benedict Cucumberpatch · age_up feudal |
| 9:23 | Benedict Cucumberpatch · wall_segment Stone Wall x6 |
| 9:40 | Vermilionz · wall_segment Palisade Wall x1 |
| 9:41 | Vermilionz · wall_segment Palisade Wall x1 |
| 9:42 | Vermilionz · wall_segment Palisade Wall x1 |
| 9:48 | Bean goose · wall_segment Palisade Wall x1 |
| 9:54 | Bean goose · wall_segment Palisade Wall x1 |
| 9:56 | Bean goose · wall_segment Palisade Wall x1 |
| 9:58 | Bean goose · wall_segment Palisade Wall x1 |
| 10:03 | Vermilionz · wall_segment Palisade Wall x1 |
| 10:06 | Vermilionz · wall_segment Palisade Wall x1 |
| 10:29 | InGodWeTrust · wall_segment Palisade Wall x6 |
| 10:34 | Iron Champion · age_up feudal |
| 10:47 | InGodWeTrust · wall_segment Palisade Wall x11 |
| 10:53 | Iron Champion · first_building Barracks |
| 11:01 | Benedict Cucumberpatch · wall_segment Stone Wall x7 |
| 11:15 | Vermilionz · wall_segment Palisade Wall x1 |
| 11:15 | Vermilionz · wall_segment Palisade Wall x1 |
| 11:19 | Vermilionz · wall_segment Palisade Wall x4 |
| 11:20 | Vermilionz · wall_segment Palisade Wall x7 |
| 11:22 | Vermilionz · wall_segment Palisade Wall x3 |
| 11:22 | Vermilionz · wall_segment Palisade Wall x1 |
| 11:30 | Bean goose · age_up feudal |
| 11:53 | Mr.J · age_up feudal |
| 11:58 | Kazi · wall_segment Stone Wall x10 |
| 12:16 | 大葱鸭 · age_up feudal |
| 12:23 | InGodWeTrust · age_up feudal |
| 12:36 | Kazi · wall_segment Stone Wall x6 |
| 12:54 | Vermilionz · age_up feudal |
| 14:10 | Vermilionz · wall_segment Stone Wall x4 |
| 14:10 | Kazi · first_building Dock |
| 14:11 | Vermilionz · wall_segment Stone Wall x4 |
| 14:12 | Vermilionz · wall_segment Stone Wall x1 |
| 14:12 | Vermilionz · wall_segment Stone Wall x1 |
| 14:13 | Vermilionz · wall_segment Stone Wall x1 |
| 14:13 | Vermilionz · wall_segment Stone Wall x1 |
| 14:18 | Vermilionz · wall_segment Stone Wall x1 |
| 15:25 | Iron Champion · wall_segment Stone Wall x9 |
| 15:25 | Bean goose · age_up castle |
| 15:35 | Bean goose · first_building Siege Workshop |
| 15:39 | Mr.J · age_up castle |
| 15:41 | Mr.J · first_building Siege Workshop |
| 15:46 | 大葱鸭 · age_up castle |
| 16:04 | InGodWeTrust · wall_segment Stone Wall x4 |
| 16:13 | InGodWeTrust · wall_segment Stone Wall x7 |
| 16:33 | InGodWeTrust · wall_segment Stone Wall x7 |
| 17:06 | 大葱鸭 · wall_segment Palisade Wall x14 |
| 17:19 | Bean goose · first_market_sell 100 food |
| 17:20 | Bean goose · first_market_buy 100 wood |
| 17:39 | Iron Champion · wall_segment Stone Wall x8 |
| 17:45 | Vermilionz · first_market_buy 100 stone |
| 17:51 | Vermilionz · age_up castle |
| 18:05 | InGodWeTrust · tribute_sent a jugador 1 |
| 18:05 | InGodWeTrust · tribute_sent a jugador 2 |
| 18:05 | InGodWeTrust · tribute_sent a jugador 3 |
| 18:05 | InGodWeTrust · tribute_sent a jugador 4 |
| 18:05 | InGodWeTrust · tribute_sent a jugador 5 |
| 18:05 | InGodWeTrust · tribute_sent a jugador 7 |
| 18:05 | InGodWeTrust · tribute_sent a jugador 8 |
| 18:18 | Kazi · wall_segment Stone Wall x1 |
| 18:18 | 大葱鸭 · wall_segment Stone Wall x1 |
| 18:18 | Kazi · wall_segment Stone Wall x1 |
| 18:22 | 大葱鸭 · wall_segment Stone Wall x1 |
| 18:38 | 大葱鸭 · first_building Monastery |
| 19:07 | 大葱鸭 · wall_segment Stone Wall x6 |
| 19:41 | Iron Champion · wall_segment Stone Wall x1 |
| 20:07 | Iron Champion · wall_segment Stone Wall x6 |
| 20:57 | InGodWeTrust · first_market_buy 100 food |
| 21:14 | Benedict Cucumberpatch · age_up castle |
| 21:18 | Benedict Cucumberpatch · first_building Castle |
| 21:19 | Kazi · wall_segment Stone Wall x5 |
| 21:38 | Iron Champion · wall_segment Stone Wall x6 |
| 21:40 | Iron Champion · wall_segment Stone Wall x8 |
| 21:43 | Iron Champion · age_up castle |
| 22:11 | Kazi · first_building Archery Range |
| 22:21 | Benedict Cucumberpatch · first_market_buy 100 wood |
| 22:28 | Kazi · age_up castle |
| 22:34 | Kazi · first_building Siege Workshop |
| 23:32 | Mr.J · first_building Monastery |
| 23:54 | Bean goose · first_building Donjon |
| 24:03 | Iron Champion · wall_segment Palisade Wall x1 |
| 24:08 | Mr.J · wall_segment Stone Wall x10 |
| 24:38 | InGodWeTrust · age_up castle |
| 24:40 | InGodWeTrust · first_building Siege Workshop |
| 24:44 | InGodWeTrust · first_building Monastery |
| 24:55 | Vermilionz · first_building Monastery |
| 24:56 | 大葱鸭 · wall_segment Stone Wall x4 |
| 24:58 | 大葱鸭 · wall_segment Stone Wall x14 |
| 25:00 | 大葱鸭 · first_building Barracks |
| 25:14 | Iron Champion · wall_segment Stone Wall x4 |
| 25:24 | Mr.J · resign |
[ AI ANALYSIS · 1 CREDIT ]
What really happened in this match?
Wolo.gg analyzes every decision: build order, eco, micro, common mistakes by bracket. Personalized analysis on WhatsApp or Discord in 30 seconds.
Civ guide
Sicilians
Perfil
Jugador #2111578